 Dungeon Crawl Stone Soup version 0.29.1-2-gbd0b4ee654 (webtiles) character file.

Game seed: 4302932367745058922

32 GorkyZ the Shield-Bearer (level 3, 0/29 HPs)
             Began as a Formicid Fighter on Nov 20, 2022.
             Slain by a worm (3 damage)
             ... on level 2 of the Dungeon.
             The game lasted 00:02:34 (753 turns).

GorkyZ the Shield-Bearer (Formicid Fighter)          Turns: 753, Time: 00:02:35

Health: 0/29       AC:  6    Str: 22    XL:     3   Next: 42%
Magic:  3/3        EV:  9    Int:  7    God:
Gold:   78         SH:  5    Dex: 13    Spells: 2/2 levels left

rFire   + . .      SeeInvis +   a - +0 quarterstaff
rCold   . . .      Faith    .   c - +0 buckler
rNeg    . . .      Spirit   .   b - +0 scale mail
rPois   +          Reflect  .   (helmet unavailable)
rElec   .          Harm     .   (no cloak)
rCorr   .          Rampage  .   (no gloves)
Will    .....                   (no boots)
Stlth   ..........              (no amulet)
HPRegen 0.09/turn               e - ring of poison resistance
MPRegen 0.08/turn               f - ring of protection from fire

@: no status effects
A: permanent stasis, dig shafts and tunnels, antennae 3, four strong arms
a: Dig, Shaft Self


You were on level 2 of the Dungeon.
You visited 1 branch of the dungeon, and saw 2 of its levels.

You collected 78 gold pieces.

Inventory:

Hand Weapons
 a - a +0 quarterstaff (weapon)
Armour
 b - a +0 scale mail (worn)
 c - a +0 buckler (worn)
Jewellery
 e - a ring of poison resistance (left hand)
 f - a ring of protection from fire (right hand)
Scrolls
 g - 3 scrolls of teleportation {unknown}
 h - a scroll of vulnerability {unknown}
 k - a scroll of identify {unknown}
Potions
 d - a potion of might
 i - a potion of cancellation {unknown}
 j - a potion of curing {unknown}


   Skills:
 + Level 3.6 Fighting
 - Level 2.0 Staves
 + Level 1.0 Throwing
 + Level 3.6 Armour
 + Level 4.3 Shields
 + Level 1.1 Evocations


You had 2 spell levels left.
You didn't know any spells.
Your spell library contained the following spells:

 Spells                   Type           Power      Damage    Failure   Level
 Necrotise                Necr           0%         1d4       83%         1


Dungeon Overview and Level Annotations

Branches:
Dungeon (2/15)

Altars:


Innate Abilities, Weirdness & Mutations

You cannot be hasted, slowed, berserked, paralysed or teleported.
You can dig through walls and to a lower floor.
You have a pair of large antennae on your head. (SInv)
Your four strong arms can wield two-handed weapons with a shield.


Message History

The giant cockroach bites you but does no damage.
You completely miss the giant cockroach.
The giant cockroach bites you but does no damage.
You sock the giant cockroach!
You kill the giant cockroach!
You barely miss the giant cockroach.
The giant cockroach bites you but does no damage. x2
You barely miss the giant cockroach. The giant cockroach bites you.
You hit the giant cockroach.
You kill the giant cockroach!
The frilled lizard bites you.
You miss the frilled lizard. You block the frilled lizard's attack.
You miss the frilled lizard.
The frilled lizard bites you but does no damage.
You closely miss the frilled lizard. The frilled lizard barely misses you.
You closely miss the frilled lizard. The frilled lizard barely misses you.
You closely miss the frilled lizard. You block the frilled lizard's attack.
The frilled lizard bites you but does no damage.
You barely miss the frilled lizard. The frilled lizard closely misses you.
You miss the frilled lizard. You block the frilled lizard's attack.
You sock the frilled lizard!
You kill the frilled lizard!
You sock the worm!
The worm is moderately wounded.
You barely miss the worm.
The worm is moderately wounded.
The worm closely misses you.
You barely miss the worm.
The worm is moderately wounded.
The worm bites you but does no damage.
You hit the worm.
The worm is moderately wounded.
The worm bites you!
* * * LOW HITPOINT WARNING * * *
You completely miss the worm.
The worm is moderately wounded.
You hit the worm.
The worm is severely wounded.
The worm bites you.
You die...

###.....#
##.......#
###..##....##
####...###.....#
#....### #......#
#.#### #.#..#...
#.# ###..#...###
#.##
#...##.#...##..
#..# #.# #@#.....
##.## #.# ##w#.)#
#[.###.###...!#
##.....>....#.##
###...##.#....#
#..###.............
#### #.#.....#..#..
.........# ##
...##.......


You could see a worm.

Vanquished Creatures
  An adder (D:2)
  A dart slug (D:1)
  A bat (D:1)
  2 endoplasms (D:1)
  3 giant cockroaches
  2 hobgoblins
  2 quokkas (D:1)
  2 ball pythons (D:1)
  2 frilled lizards
  2 kobolds
  2 rats
20 creatures vanquished.

Notes
Turn   | Place    | Note
-------+----------+-------------------------------------------
     0 | D:1      | GorkyZ the Formicid Fighter began the quest for the Orb.
     0 | D:1      | Reached XP level 1. HP: 18/18 MP: 1/1
   123 | D:1      | Reached XP level 2. HP: 24/24 MP: 2/2
   521 | D:1      | Found a faded altar of an unknown god.
   525 | D:1      | Got Plato's Spellbook of the Dead
   617 | D:2      | Reached skill level 1 in Evocations
   617 | D:2      | Reached XP level 3. HP: 26/29 MP: 3/3
   619 | D:2      | Reached skill level 1 in Throwing
   753 | D:2      | Slain by a worm

Illustrated notes

Levels and vault maps discovered:
D:1:      lightli_arrival_maybe_door_vault, layout_rooms,
          shapermc_ecumenical_altar_rom_forum, corexii_leaking_fountain
D:2:      layout_rooms, hangedman_decor_lopped, minivault_19

Skill      XL: |  1  2  3 |
---------------+----------+-----
Evocations     | 1 |  1.1
Throwing       | 1 |  1.0
Fighting       | |  3.6
Staves         | |  2.0
Armour         | |  3.6
Shields        | |  4.3

Action                   || total
-------------------------++-------
Melee: Quarterstaff      ||    71
Armor: Scale mail        ||    27
Dodge: Dodged            ||    20
Block: Buckler           ||    15
